 Dungeon Crawl Stone Soup version 0.29.1-15-g9cfb28693d (webtiles) character file.

Game seed: 5516912098875801741

244 BuddhaDhamma the Cleaver (level 5, 0/45 HPs)
             Began as a Minotaur Berserker on Mar 24, 2023.
             Was a Priest of Trog.
             Slain by an orc
             ... wielding a +0 club
              (2 damage)
             ... on level 4 of the Dungeon.
             The game lasted 00:04:20 (3132 turns).

BuddhaDhamma the Cleaver (Minotaur Berserker)       Turns: 3132, Time: 00:04:21

Health: 0/45       AC: 13    Str: 23    XL:     5   Next: 83%
Magic:  4/4        EV: 12    Int:  4    God:    Trog [***...]
Gold:   83         SH:  0    Dex: 10    Spells: 4/4 levels left

rFire   . . .      SeeInvis .   a - +0 hand axe
rCold   . . .      Faith    .   (no shield)
rNeg    . . .      Spirit   .   d - +0 chain mail
rPois   .          Reflect  .   (helmet restricted)
rElec   .          Harm     .   j - +0 cloak
rCorr   .          Rampage  .   h - +2 pair of gloves
Will    .....                   (no boots)
Stlth   ..........              (no amulet)
HPRegen 0.15/turn               l - +4 ring of evasion
MPRegen 0.09/turn               (no ring)

@: confused, lethally poisoned (0 -> -29)
A: horns 2, retaliatory headbutt
a: Renounce Religion, Berserk, Trog's Hand


You were on level 4 of the Dungeon.
You worshipped Trog.
Trog was most pleased with you.
You visited 1 branch of the dungeon, and saw 4 of its levels.

You collected 83 gold pieces.

Inventory:

Hand Weapons
 a - a +0 hand axe (weapon)
Armour
 d - a +0 chain mail (worn)
 h - a +2 pair of gloves (worn)
 j - a +0 cloak (worn)
Jewellery
 l - a +4 ring of evasion (left hand)
Wands
 s - a wand of digging (2)
Scrolls
 c - a scroll of summoning {unknown}
 e - 2 scrolls of immolation {unknown}
 i - a scroll of blinking {unknown}
 k - a scroll of vulnerability {unknown}
 n - 2 scrolls of teleportation {unknown}
 p - a scroll of brand weapon {unknown}
 r - 5 scrolls of identify {unknown}
 t - a scroll of enchant armour {unknown}
Potions
 b - 3 potions of curing {unknown}
 f - 2 potions of attraction {unknown}
 g - 2 potions of might
 m - a potion of heal wounds {unknown}
 o - a potion of invisibility {unknown}
 q - a potion of degeneration {unknown}
 u - a potion of resistance {unknown}


   Skills:
 - Level 3.6 Fighting
 + Level 8.0 Axes
 - Level 2.4 Armour
 - Level 2.1 Dodging


You had 4 spell levels left.
You didn't know any spells.
Your spell library was empty.

Dungeon Overview and Level Annotations

Branches:
Dungeon (4/15)
 Temple: D:4-7

Altars:
Dithmenos

Shops:
D:4 **


Innate Abilities, Weirdness & Mutations

You have a pair of horns on your head.
You reflexively headbutt those who attack you in melee.


Message History

Something hits you but does no damage.
You are more poisoned.
The orc closely misses you.
You feel very sick. Something hits you but does no damage.
You are more poisoned.
The orc closely misses you.
You miss something. Your headbutt misses something.
You hit the orc but do no damage.
You feel very sick.
You hear some strange, mumbled words.
You are confused.
The orc barely misses you.
You slash something! You hit the orc but do no damage.
You feel very sick. Something hits you but does no damage.
You are more poisoned.
The orc hits you but does no damage.
You bump into the rock wall.
You feel very sick. Something hits you but does no damage.
You are lethally poisoned!
An orc opens the door.
The orc misses you.
You barely miss something. You barely miss the orc.
You feel very sick.
The orc shouts!
Something hits you but does no damage.
You are more poisoned.
The orc barely misses you.
* * * LOW HITPOINT WARNING * * *
You feel very sick. The orc hits you with a +0 club.
* * * LOW HITPOINT WARNING * * *
You bump into the rock wall.
* * * LOW HITPOINT WARNING * * *
You feel very sick. Something hits you but does no damage.
You are more poisoned.
The orc hits you with a +0 club.
You die...

#......##..........#).....####
#......##..........)......#...
#..................#......#...
+..................#......#...
#............##....#.....8.∩.<
#......##....##....###........
#......##............#........
.........#............#........
.........#.))o@.......#........
....... #....##......#........
#... #.$).# ######........
#...... +........ #........
#!...##.... ####'# #'## ..# ...
... ..


You could see an orc.

Vanquished Creatures
  An orc priest (D:3)
  2 orc wizards
  Robin (D:2)
  4 adders
  A gnoll (D:1)
  A white imp (D:4)
  2 worms
  A dart slug (D:2)
  16 orcs
  5 ball pythons
  2 endoplasms (D:1)
  2 giant cockroaches
  12 goblins
  8 hobgoblins
  8 kobolds
  3 quokkas
  3 bats
  3 frilled lizards
  4 rats
79 creatures vanquished.

Notes
Turn   | Place    | Note
-------+----------+-------------------------------------------
     0 | D:1      | BuddhaDhamma the Minotaur Berserker began the quest for the
                  | Orb.
     0 | D:1      | Reached XP level 1. HP: 19/19 MP: 0/0
   121 | D:1      | Reached skill level 4 in Axes
   147 | D:1      | Reached XP level 2. HP: 19/26 MP: 1/1
   420 | D:1      | Found a faded altar of an unknown god.
   546 | D:1      | Reached skill level 5 in Axes
   549 | D:1      | Reached XP level 3. HP: 19/31 MP: 2/2
  1005 | D:1      | Reached ** piety under Trog
  1321 | D:2      | Found a shadowy altar of Dithmenos.
  1440 | D:2      | Noticed Robin
  1451 | D:2      | Killed Robin
  1525 | D:2      | Reached skill level 6 in Axes
  1525 | D:2      | Reached XP level 4. HP: 39/39 MP: 3/3
  2407 | D:3      | Reached XP level 5. HP: 45/45 MP: 4/4
  2416 | D:3      | Reached skill level 7 in Axes
  2989 | D:4      | Found Qoennod's Assorted Antiques.
  3024 | D:4      | Reached *** piety under Trog
  3085 | D:4      | Found Inohaom's Assorted Antiques.
  3120 | D:4      | Reached skill level 8 in Axes
  3132 | D:4      | HP: 2/45 [poisoned by an orc wizard]
  3132 | D:4      | Slain by an orc

Illustrated notes

Levels and vault maps discovered:
D:1:      dpeg_arrival_concentric_ovals, layout_loops_ring,
          shapermc_ecumenical_altar_acropolis
D:2:      kennysheep_six_static_rooms, layout_loops_ring, basic_altar,
          uniq_robin
D:3:      layout_loops_corners
D:4:      layout_gridville, nemelex_diamond_rough_becter, ebering_ghost_sewer_d,
          serial_shops, shop_statue, nicolae_shop_hallway_stairs, shop_statue

Skill      XL: |  1  2  3  4  5 |
---------------+----------------+-----
Axes           | 4 5 6 8 |  8.0
Fighting       | |  3.6
Armour         | |  2.4
Dodging        | |  2.1

Action                   |  1- 3 |  4- 6 || total
-------------------------+-------+-------++-------
Melee: Hand axe          |    71 |    96 ||   167
       Headbutt          |     9 |    17 ||    26
       Punch             |     2 |     3 ||     5
Armor: Leather armour    |    13 |       ||    13
       Chain mail        |    14 |    33 ||    47
Dodge: Dodged            |    32 |    46 ||    78
